 Dungeon Crawl Stone Soup version 0.23-a0-470-g6f7cfd9 (webtiles) character file.

361 theanonym the Cudgeler (level 6, -1/48 HPs)
             Began as a Mummy Warper on Nov 26, 2018.
             Was a Follower of Ru.
             Killed from afar by an orc wizard (5 damage)
             ... with a puff of frost
             ... on level 3 of the Dungeon.
             The game lasted 00:05:25 (3994 turns).

theanonym the Cudgeler (Mummy Warper)               Turns: 3994, Time: 00:05:26

Health: -1/48      AC:  8    Str: 16    XL:     6   Next: 38%
Magic:  10/10      EV:  7    Int: 13    God:    Ru [*.....]
Gold:   114        SH:  0    Dex: 11    Spells: 10/10 levels left

rFire    x . .     SeeInvis .   a - +0 morningstar
rCold    + . .     Gourm    .   (no shield)
rNeg     + + +     Faith    +   j - +0 chain mail
rPois    ∞         Spirit   .   (no helmet)
rElec    .         Reflect  .   (no cloak)
rCorr    .         Harm     .   (no gloves)
MR       .....                  (no boots)
Stlth    ..........             l - amulet of faith
HPRegen  0.16/turn              (no ring)
MPRegen  0.12/turn              (no ring)

@: no scrolls
A: no food or potions, fire vulnerability, cold resistance 1, negative energy
resistance 3, torment resistance, unbreathing, inability to read while
threatened
a: Renounce Religion


Innate Abilities, Weirdness & Mutations

You do not eat or drink.
Your flesh is vulnerable to fire.
You are immune to poison.
Your flesh is cold resistant. (rC+)
You are immune to negative energy. (rN+++)
You are immune to unholy pain and torment.
You can survive without breathing.
You cannot read scrolls while threatened.


   Skills:
 + Level 4.2 Fighting
 * Level 4.7 Maces & Flails
 - Level 0.7 Throwing
 - Level 0.7 Armour
 - Level 1.5 Dodging
 - Level 2.6 Spellcasting
   Level 2.4 Translocations


You had 10 spell levels left.
You didn't know any spells.
Your spell library contained the following spells:

 Spells                   Type           Power        Failure   Level  Hunger
 Blink                    Tloc           N/A          95%         2    N/A
 Shroud of Golubria       Chrm/Tloc      #.........   99%         2    N/A
 Gell's Gravitas          Tloc           #.........   99%         3    N/A
 Lesser Beckoning         Tloc           #.........   99%         3    N/A
 Teleport Other           Tloc           #.......     99%         3    N/A
 Passage of Golubria      Tloc           N/A          100%        4    N/A

Skill      XL: |  1  2  3  4 |
---------------+-------------+-----
Maces & Flails | 2 3 4 |  4.7
Fighting       | 4 |  4.2
Throwing       | |  0.7
Armour         | |  0.7
Dodging        | |  1.5
Spellcasting   | |  2.6
Translocations | |  2.4

Action                   |  1- 3 |  4- 6 || total
-------------------------+-------+-------++-------
Melee: Mace              |    19 |       ||    19
       Short sword       |   181 |   152 ||   333
       Morningstar       |       |    57 ||    57
Throw: Tomahawk          |       |     4 ||     4
Invok: Sacrifice Words   |       |     1 ||     1
  Use: Scroll            |     3 |     1 ||     4
Armor: Leather armour    |     9 |       ||     9
       Scale mail        |    65 |       ||    65
       Chain mail        |    39 |   231 ||   270
Dodge: Dodged            |    81 |   106 ||   187

Inventory:

Hand Weapons
 a - a +0 morningstar (weapon)
   (You took it off an orc on level 2 of the Dungeon)
Missiles
 b - 4 tomahawks
 e - a tomahawk of dispersal (quivered)
Armour
 c - a +0 scale mail
   (You found it on level 1 of the Dungeon)
 j - a +0 chain mail (worn)
   (You took it off an orc on level 2 of the Dungeon)
Jewellery
 i - an uncursed ring of ice
   (You found it on level 3 of the Dungeon)
 l - an amulet of faith (around neck)
   (You found it on level 2 of the Dungeon)
Scrolls
 g - a scroll of magic mapping {unknown}
 h - a scroll of enchant weapon {unknown}
 k - 2 scrolls of amnesia {unknown}
 n - 3 scrolls of remove curse
 t - 3 scrolls of teleportation {!r}
 B - a scroll of blinking


You were on level 3 of the Dungeon.
You worshipped Ru.
Ru was aware of your devotion.
You were not hungry.

You visited 1 branch of the dungeon, and saw 4 of its levels.

You collected 114 gold pieces.

Dungeon Overview and Level Annotations

Branches:
Dungeon (4/15)
 Temple: D:4-7

Altars:
Elyvilon
Fedhas
Hepliaklqana
Ru
Vehumet
Xom
Yredelemnul

###### ##### .....#
####### #...# ####.####
#...o@###.#)### ####.##.##
#.###§#.(.#...# #........#
#.# #o..#####.#
#.##.##.####.###.#.......#
#.##.##...........#..#..##
.....#######.....##.....#
#[#### ##...###.###.# #.#
##.## #.....# #.#
######### #.#####


You could see an orc wizard and an orc.

Notes
Turn   | Place    | Note
-------+----------+-------------------------------------------
     0 | D:1      | theanonym the Mummy Warper began the quest for the Orb.
     0 | D:1      | Reached XP level 1. HP: 16/16 MP: 4/4
   526 | D:1      | Reached skill level 2 in Maces & Flails
   562 | D:1      | Reached XP level 2. HP: 19/22 MP: 5/5
  1364 | D:2      | Reached XP level 3. HP: 26/28 MP: 7/7
  1415 | D:2      | Found a hazy altar of Hepliaklqana.
  1416 | D:2      | Found a blossoming altar of Fedhas.
  1416 | D:2      | Found a shimmering altar of Xom.
  1417 | D:2      | Found a basalt altar of Yredelemnul.
  1418 | D:2      | Found a white marble altar of Elyvilon.
  1419 | D:2      | Found a sacrificial altar of Ru.
  1421 | D:2      | Found a radiant altar of Vehumet.
  1447 | D:2      | Became a worshipper of Ru the Awakened
  2060 | D:2      | HP: 12/28 [adder (3)]
  2065 | D:2      | HP: 8/28 [adder (1)]
  2067 | D:2      | Reached skill level 3 in Maces & Flails
  2067 | D:2      | Reached XP level 4. HP: 10/34 MP: 8/8
  2467 | D:2      | Reached skill level 3 in Fighting
  2984 | D:3      | Gained mutation: You cannot read scrolls while threatened.
                  | [Ru sacrifice]
  2984 | D:3      | Reached * piety under Ru
  3153 | D:3      | Noticed Grinder
  3161 | D:3      | Paralysed by Grinder for 7 turns
  3372 | D:3      | Paralysed by Grinder for 4 turns
  3376 | D:3      | HP: 15/35 [Grinder (7)]
  3379 | D:3      | Killed Grinder
  3379 | D:3      | Reached skill level 4 in Fighting
  3379 | D:3      | Reached skill level 4 in Maces & Flails
  3379 | D:3      | Reached XP level 5. HP: 19/42 MP: 9/9
  3379 | D:3      | Reached XP level 6. HP: 22/48 MP: 10/10
  3987 | D:3      | HP: 10/48 [orc wizard/puff of flame (15)]
  3993 | D:3      | HP: 5/48 [orc/+0 hand axe (2)]
  3994 | D:3      | Killed from afar by an orc wizard

Vanquished Creatures
  Grinder (D:3)
  An iguana (D:4)
  A worker ant (D:3)
  A gnoll (D:3)
  4 adders
  A dart slug (D:1)
  14 orcs
  7 bats
  6 giant cockroaches
  5 goblins
  9 hobgoblins
  4 jackals (D:2)
  2 quokkas
  2 ball pythons
  5 frilled lizards
  8 kobolds
  3 rats
74 creatures vanquished.

Table legend:
 A = Turns spent in this place as a percentage of turns spent in the entire game.
 B = Non-inter-level travel turns spent in this place as a percentage of non-inter-level travel turns spent in the entire game.
 C = Inter-level travel turns spent in this place as a percentage of turns spent in this place.
 D = Turns resting spent in this place as a percentage of non-inter-level travel turns spent in this place.
 E = Turns spent auto-exploring this place as a percentage of non-inter-level travel turns spent in this place.
 F = Non-inter-level travel turns spent in this place divided by the number of levels of this place that you've seen.
                   A       B       C       D       E      F
               +-------+-------+-------+-------+-------+----------------------
         Total | 100.0 | 100.0 |   5.0 |  30.1 |  49.8 | 948.2
       Dungeon | 100.0 | 100.0 |   5.0 |  30.1 |  49.8 | 948.2
               +-------+-------+-------+-------+-------+----------------------
